 Dungeon Crawl Stone Soup version 0.22-a0-252-gcace5d2 (webtiles) character file.

152096 Zwobot the Devastator (level 17, -1/106 HPs)
             Began as a Tengu Wizard on Mar 2, 2018.
             Was a Follower of Uskayaw.
             Slain by a harpy (16 damage)
             ... on level 4 of the Shoals.
             The game lasted 03:15:38 (39466 turns).

Zwobot the Devastator (Tengu Wizard)               Turns: 39466, Time: 03:15:39

Health: -1/106     AC:  9    Str: 12    XL:     17   Next: 57%
Magic:  19/34      EV: 36    Int: 32    God:    Uskayaw [*.....]
Gold:   2360       SH:  5    Dex: 17    Spells: 6/41 levels left

rFire    + + .     SeeInvis .   a - +2 morningstar "Xoffa" {venom, +Blink +Fly rF+ Int+4}
rCold    . . .     Gourm    .   O - +0 buckler
rNeg     . . .     Faith    .   z - +2 robe {MR+}
rPois    .         Spirit   .   c - +2 hat {Int+3}
rElec    .         Reflect  .   (no cloak)
rCorr    .         Harm     .   s - +2 pair of gloves
MR       ++...                  (boots unavailable)
Stlth    ++++......             f - amulet of magic regeneration
HPRegen  0.27/turn              W - +6 ring of evasion
MPRegen  0.49/turn              T - ring of Zeanow {rF+ Str+3 Stlth+}

@: agile, flying quickly and evasively, very slightly contaminated, quick
A: beak, talons 3, able to fly 2
a: Stop Flying, Stomp, Renounce Religion, Evoke Blink


You were on level 4 of the Shoals.
You worshipped Uskayaw.
Uskayaw was noncommittal.
You were not hungry.

You visited 6 branches of the dungeon, and saw 29 of its levels.
You also visited: Ossuary.

You collected 2360 gold pieces.

Inventory:

Hand Weapons
 a - the +2 morningstar "Xoffa" (weapon) {venom, +Blink +Fly rF+ Int+4}
   (You found it on level 7 of the Dungeon)

   It poisons the flesh of those it strikes.
   It affects your intelligence (+4).
   It protects you from fire.
   It lets you fly.
   It lets you blink.
 q - a +0 vampiric eveningstar
 E - a +1 dagger of electrocution
 M - a +0 blowgun
Missiles
 g - 641 stones (quivered)
 N - 2 curare-tipped needles
 V - 3 throwing nets
Armour
 c - a +2 hat of intelligence (worn)
 s - a +2 pair of gloves (worn)
 z - a +2 robe of magic resistance (worn)
 O - a +0 buckler (worn)
Magical Staves
 b - an uncursed staff of air
Jewellery
 f - an amulet of magic regeneration (around neck)
 m - an uncursed ring of see invisible
 v - a +3 amulet of reflection {unknown}
 y - an uncursed ring of wizardry
 L - an uncursed ring of fire
 T - the ring of Zeanow (right hand) {rF+ Str+3 Stlth+}
   (You found it on level 2 of the Lair of Beasts)

   [ring of protection from fire]

   It affects your strength (+3).
   It protects you from fire.
   It makes you more stealthy.
 U - an uncursed ring of protection from cold
 W - a +6 ring of evasion (left hand)
Wands
 e - a wand of disintegration (12)
 r - a wand of iceblast (26)
 x - a wand of flame (9)
 K - a wand of acid (7)
 X - a wand of digging (17)
Scrolls
 h - a scroll of enchant armour
 j - 4 scrolls of enchant weapon
 k - 7 scrolls of remove curse
 n - 3 scrolls of magic mapping
 u - 4 scrolls of fog
 w - 6 scrolls of identify
 A - a scroll of fear
 D - 2 scrolls of teleportation
 Q - 3 scrolls of immolation
 S - 3 scrolls of silence
Potions
 i - 5 potions of mutation
 p - 7 potions of haste
 B - 2 potions of might
 H - 2 potions of berserk rage
 R - 3 potions of lignification
 Z - a potion of resistance
Miscellaneous
 G - a lightning rod (1/4)
Comestibles
 d - 38 rations
 l - 6 chunks of flesh


   Skills:
 - Level 11.9 Fighting
 - Level 8.2 Maces & Flails
 - Level 10.0 Dodging
 - Level 2.0 Stealth
 - Level 4.1 Shields
 + Level 12.8 Spellcasting
 - Level 16.0 Conjurations
   Level 6.3 Charms
 - Level 3.0 Summonings
 - Level 0.7 Translocations
 - Level 5.0 Fire Magic
 - Level 16.0 Air Magic
 - Level 7.0 Poison Magic
 - Level 7.0 Invocations


You had 6 spell levels left.
You knew the following spells:

 Your Spells              Type           Power        Failure   Level  Hunger
a - Fireball              Conj/Fire      ######....   1%          5    None
b - Sticky Flame          Conj/Fire      ######..     1%          4    None
c - Poison Arrow          Conj/Pois      #######...   3%          6    ####...
d - Blink                 Tloc           N/A          2%          2    None
e - Mephitic Cloud        Conj/Pois/Air  #######.     1%          3    None
f - Magic Dart            Conj           ####         0%          1    None
g - Call Imp              Summ           #####...     1%          2    None
h - Conjure Flame         Conj/Fire      ######..     1%          3    None
i - Animate Skeleton      Necr           N/A          2%          1    None
j - Chain Lightning       Conj/Air       #######...   21%         8    #######


Dungeon Overview and Level Annotations

Branches:
Dungeon (15/15)            Temple (1/1) D:4            Lair (6/6) D:9
 Shoals (4/4) Lair:2        Snake (1/4) Lair:3        Slime (0/5) Lair:6
    Orc (2/2) D:11            Elf (0/3) Orc:2        Vaults (0/5) D:14
 Depths (0/5) D:15

Altars:
Ashenzari
Cheibriados
Dithmenos
Elyvilon
Fedhas
Gozag
Hepliaklqana
Kikubaaqudgha
Makhleb
Nemelex Xobeh
Okawaru
Qazlal
Ru
Sif Muna
Trog
Uskayaw
Vehumet
Wu Jian
Xom
Yredelemnul
Zin
The Shining One
Beogh

Shops:
D:7 %   Orc:2 ((%((   Shoals:2 (

Portals:
Trove: D:13 (give +2 gold dragon scales)

Annotations:
D:2 exclusion: downstairs
D:3 exclusion: downstairs
D:5 2 transporters
D:6 Eustachio
D:11 exclusion: obsidian statue
D:15 1 exclusion
Lair:3 rupert, Rupert
Lair:5 exclusion: 7 oklob plants
Shoals:3 Mara
Shoals:4 Ilsuiw


Innate Abilities, Weirdness & Mutations

You have a beak for a mouth.
You have claws for feet.
You can fly continuously.


Message History

The harpy screeches!
The harpy looks frightened!
You see here a ring of protection from cold.
As you read the scroll of fear, it crumbles to dust.
You assume a fearsome visage.
The harpy looks frightened!
Evoke which item? (* to show all) (? for menu, Esc to quit)
Aiming: Dig
Press: ? - help, Shift-Dir - straight line, f - you The rock shatters into small pieces.
You feel agile all of a sudden. You block the harpy's attack.
The harpy misses you.
Casting: Fireball (safe; 1% risk of failure)
Confirm with . or Enter, or press ? or * to list all spells.
Aiming: Sticky Flame (safe; 1% risk of failure)
Press: ? - help, Shift-Dir - straight line, f - harpy
Aim: a harpy The sticky flame hits the harpy.
The harpy is moderately wounded.
The harpy is covered in liquid flames!
The harpy burns!
The harpy claws you!
You die...

## #......≈≈≈≈≈≈≈≈≈≈≈.....≈≈≈≈≈≈≈
.# #......≈≈≈≈≈≈≈≈≈≈≈##........≈≈
.####....≈≈≈≈≈≈≈#######........≈≈
.).......≈≈≈≈≈≈#..#≈#..#.......≈≈
.........≈≈≈≈≈≈#...≈...##......≈≈
.........≈≈≈≈≈###.#.#.###.....###
..........≈≈..# #≈.=.≈##≈.....#
..........≈≈...##.#.#.###.≈≈###
≈...).....≈≈≈.≈#@..≈...#≈.≈≈#
#........≈≈≈≈≈HH#.≈#≈.##≈.≈≈≈
##.(.....≈≈≈≈≈..#######...≈≈##
.##......≈≈≈≈≈.. #...≈≈#
##.......≈≈≈≈≈.. ###).....≈≈≈≈...
##......≈≈≈≈≈≈≈. .#≈....≈≈≈≈≈≈≈≈≈
≈##≈≈≈≈≈≈≈≈#


You could see 2 harpies.

Vanquished Creatures
  A kraken (Shoals:3)
  Gastronok (Lair:2)
  Frances (Shoals:2)
  Kirke (Shoals:3)
  The ghost of grisnicke the Martial Artist, a journeyman DgTm (Orc:2)
  5 dire elephants (Lair:6)
  2 merfolk javelineers
  Snorg (D:11)
  5 merfolk impalers
  5 hydras
  4 vault guards (D:14)
  Erolcha (D:9)
  2 catoblepae (Lair:6)
  3 centaur warriors
  An alligator snapping turtle (Shoals:3)
  A death knight (D:15)
  An anaconda (Lair:6)
  3 two-headed ogres
  4 satyrs
  3 merfolk aquamancers
  6 merfolk avatars
  3 tengu warriors (D:14)
  Urug (D:13)
  5 orc high priests (Orc:2)
  A shock serpent (Snake:1)
  The ghost of drasked the Covert, a journeyman SpWz of Ashenzari (Lair:1)
  The ghost of Autsider the Reanimator, a novice DDNe of Makhleb (D:8)
  4 skeletal warriors (D:15)
  14 sea snakes
  Pikel (D:5)
  A phantasmal warrior (D:15)
  19 harpies
  A lindwurm (Lair:3)
  3 deep elf magi (D:15)
  A wolf spider (Lair:4)
  6 orc knights (Orc:2)
  3 oklob plants (Lair:5)
  10 cyclopes
  16 fauns
  8 ugly things
  2 orc sorcerers (Orc:1)
  11 manticores
  3 centaur zombies
  11 elephants (Lair:6)
  11 merfolk sirens
  5 black mambas
  4 water nymphs
  8 spiny frogs
  3 centaur skeletons
  A naga mage (Snake:1)
  Psyche (D:9)
  5 gargoyles
  3 rime drakes
  A kobold demonologist (D:15)
  7 komodo dragons
  A tengu conjurer (D:14)
  An efreet (D:14)
  27 merfolk
  3 meliai (D:13)
  4 freezing wraiths (D:15)
  6 trolls
  A polar bear (Lair:3)
  2 hornets
  The ghost of ThereIsNoGod the Magician, a novice SpVM of Gozag (D:7)
  5 wind drakes
  9 hippogriffs
  20 blink frogs
  3 snapping turtles
  5 dream sheep
  20 water elementals
  5 slime creatures
  2 vampires
  A shadow (D:13)
  28 yaks
  Sigmund (D:4)
  2 hogs (Shoals:3)
  A vampire mosquito (D:14)
  5 hungry ghosts
  2 nagas (Snake:1)
  Edmund (D:5)
  A soldier ant (D:9)
  A floating eye (shapeshifter) (D:14)
  11 porcupines
  24 water moccasins
  A hornet zombie (D:9)
  35 orc warriors
  4 slaves (D:5)
  3 sky beasts
  A swamp drake (D:11)
  A black bear (Lair:3)
  A phantom (D:7)
  2 necrophages
  An eye of draining (D:8)
  3 wolves (Lair:1)
  14 centaurs
  6 ogres
  14 crocodiles
  2 big kobolds
  A gnoll sergeant (D:7)
  20 bullfrogs
  2 scorpions
  3 killer bees (D:9)
  A howler monkey (D:5)
  5 wights (D:8)
  4 electric eels (Lair:1)
  4 crimson imps
  2 bullfrog zombies
  A human zombie (Ossuary)
  28 orc priests
  6 hounds
  5 jellies
  26 orc wizards
  3 bullfrog skeletons
  3 iguanas
  9 worker ants
  A big kobold zombie (Ossuary)
  2 hound skeletons
  4 mummies (Ossuary)
  2 worker ant zombies
  8 gnolls
  17 adders
  4 shadow imps
  An ooze (D:5)
  An adder zombie (D:5)
  A dart slug (D:1)
  3 leopard geckos
  88 orcs
  A gnoll zombie (Ossuary)
  5 goblins
  4 hobgoblins
  A jackal (D:6)
  16 kobolds
  2 quokkas
  2 ball pythons
  11 bats
  12 frilled lizards
  2 goblin zombies (Ossuary)
  A hobgoblin zombie (Ossuary)
  A jackal zombie (Ossuary)
  A kobold zombie (Ossuary)
  2 leopard gecko skeletons
  2 orc zombies (Ossuary)
  4 rats
  A rat zombie (Ossuary)
  A bush (Lair:6)
  5 plants
  A tentacle (Shoals:3)
838 creatures vanquished.

Vanquished Creatures (collateral kills)
  A two-headed ogre (D:11)
  A slime creature (D:15)
  A blink frog (Lair:2)
  A phantom (D:9)
  A centaur (D:9)
  A crimson imp (D:5)
  A hound (D:2)
  A centaur skeleton (D:11)
  3 orc priests
  Ijyb (D:3)
  3 orc wizards
  A hound skeleton (D:7)
  An adder (D:5)
  2 gnolls (D:4)
  A worm (D:2)
  7 orcs
  2 giant cockroaches
  A gnoll zombie (Ossuary)
30 creatures vanquished.

Vanquished Creatures (others)
  3 humans (Shoals:3)
  An orc wizard (D:3)
  A bush (Lair:5)
  19 fungi
  57 plants
  10 tentacles (Shoals:3)
91 creatures vanquished.

Grand Total: 959 creatures vanquished

Notes
Turn   | Place    | Note
-------+----------+-------------------------------------------
     0 | D:1      | Zwobot the Tengu Wizard began the quest for the Orb.
     0 | D:1      | Reached XP level 1. HP: 10/10 MP: 5/5
   246 | D:1      | Reached XP level 2. HP: 15/15 MP: 5/7
   299 | D:1      | Learned a level 2 spell: Call Imp
   962 | D:2      | Reached XP level 3. HP: 19/19 MP: 3/8
  1020 | D:2      | Learned a level 3 spell: Conjure Flame
  1212 | D:2      | Found a shimmering altar of Xom.
  2073 | D:3      | Reached XP level 4. HP: 24/24 MP: 6/9
  2285 | D:3      | Reached skill level 1 in Fire Magic
  2459 | D:3      | Learned a level 2 spell: Blink
  2586 | D:3      | Noticed Ijyb
  2658 | D:3      | Killed Ijyb
  2658 | D:3      | Gained mutation: You can fly. [Tengu growth]
  2658 | D:3      | Reached XP level 5. HP: 15/28 MP: 7/11
  3201 | D:2      | Found a shadowy altar of Dithmenos.
  3210 | D:2      | Reached skill level 1 in Fighting
  3348 | D:4      | Noticed Sigmund
  3413 | D:4      | Learned a level 3 spell: Mephitic Cloud
  3443 | D:4      | Reached XP level 6. HP: 34/34 MP: 6/12
  3533 | D:4      | Found a staircase to the Ecumenical Temple.
  3538 | Temple   | Entered the Ecumenical Temple
  3751 | Temple   | Became a worshipper of Uskayaw the Reveler
  3843 | D:4      | Reached * piety under Uskayaw
  3855 | D:4      | Reached skill level 1 in Air Magic
  4267 | D:4      | Reached skill level 5 in Conjurations
  4371 | D:4      | Found a blossoming altar of Fedhas.
  4383 | D:4      | Reached ** piety under Uskayaw
  4385 | D:4      | Killed Sigmund
  4385 | D:4      | Reached XP level 7. HP: 40/40 MP: 9/14
  4680 | D:5      | Entered Level 5 of the Dungeon
  4802 | D:5      | Found a transporter.
  4844 | D:5      | Noticed Pikel
  5127 | D:5      | Killed Pikel
  5127 | D:5      | Reached skill level 5 in Spellcasting
  5127 | D:5      | Reached XP level 8. HP: 41/48 MP: 7/16
  5204 | D:5      | Noticed Edmund
  5233 | D:5      | Killed Edmund
  5340 | D:5      | Found a transporter.
  5437 | D:5      | Found a shadowy altar of Dithmenos.
  5805 | D:6      | Found a sand-covered staircase.
  5810 | Ossuary  | Entered an ossuary
  5967 | Ossuary  | Reached skill level 5 in Dodging
  6097 | D:6      | Reached skill level 5 in Fighting
  6436 | D:6      | Found a deep blue altar of Sif Muna.
  6514 | D:6      | Noticed Eustachio
  6528 | D:6      | Found an ornate altar of the Wu Jian Council.
  6899 | D:7      | Noticed ThereIsNoGod's ghost (novice SpVM)
  6930 | D:8      | Noticed Autsider's ghost (novice DDNe)
  6964 | D:7      | Reached XP level 9. HP: 36/54 MP: 15/17
  7271 | D:8      | Reached *** piety under Uskayaw
  7277 | D:8      | Reached **** piety under Uskayaw
  7652 | D:7      | Found Pile's Food Shop.
  7962 | D:7      | Killed ThereIsNoGod's ghost
  8120 | D:7      | Got a twisted morningstar
  8121 | D:7      | Identified the cursed +2 morningstar "Xoffa" {venom, +Blink +Fly rF+ Int+4} (You found it on level 7 of the Dungeon)
  8630 | D:8      | Reached skill level 1 in Maces & Flails
  8800 | D:9      | Found a shimmering altar of Xom.
  8816 | D:9      | Reached XP level 10. HP: 60/60 MP: 16/18
  9310 | D:9      | Noticed Erolcha
  9334 | D:9      | Killed Erolcha
  9738 | D:9      | Found a staircase to the Lair.
  9835 | D:9      | Learned a level 8 spell: Chain Lightning
  9883 | D:9      | Noticed Psyche
  9900 | D:9      | Killed Psyche
 10113 | D:9      | Reached skill level 5 in Air Magic
 10270 | D:10     | Entered Level 10 of the Dungeon
 10341 | D:10     | Noticed a gargoyle
 10777 | Lair:1   | Entered Level 1 of the Lair of Beasts
 11003 | Lair:1   | Reached XP level 11. HP: 64/64 MP: 18/20
 11282 | Lair:1   | Noticed drasked's ghost (journeyman SpWz)
 12069 | Lair:1   | Killed drasked's ghost
 12693 | Lair:1   | Learned a level 4 spell: Sticky Flame
 12699 | Lair:1   | Learned a level 5 spell: Fireball
 12761 | Lair:1   | Reached skill level 10 in Conjurations
 13672 | Lair:2   | Reached XP level 12. HP: 47/70 MP: 2/23
 13788 | Lair:2   | Reached skill level 5 in Fire Magic
 14509 | Lair:2   | Found a staircase to the Shoals.
 14636 | Lair:2   | Noticed Gastronok
 14649 | Lair:2   | Killed Gastronok
 14727 | Lair:2   | Got a shimmering platinum ring
 14728 | Lair:2   | Identified the ring of Zeanow {rF+ Str+3 Stlth+} (You found it on level 2 of the Lair of Beasts)
 15161 | Lair:3   | Noticed Rupert
 15281 | Lair:3   | Reached skill level 5 in Invocations
 15282 | Lair:3   | Reached ***** piety under Uskayaw
 15866 | Lair:3   | Found a staircase to the Snake Pit.
 16635 | Lair:4   | Reached skill level 1 in Poison Magic
 16648 | Lair:4   | Reached XP level 13. HP: 75/78 MP: 3/26
 18710 | Lair:6   | Entered Level 6 of the Lair of Beasts
 18729 | Lair:6   | Learned a level 6 spell: Poison Arrow
 19024 | Lair:6   | Found a staircase to the Slime Pits.
 20006 | Lair:6   | Reached skill level 5 in Poison Magic
 21144 | Lair:6   | Noticed a dire elephant
 21166 | Lair:6   | Noticed a dire elephant
 21166 | Lair:6   | Noticed a dire elephant
 21173 | Lair:6   | Killed a dire elephant
 21173 | Lair:6   | Gained mutation: You can fly continuously. [Tengu growth]
 21173 | Lair:6   | Reached XP level 14. HP: 86/86 MP: 8/28
 21241 | Lair:6   | Noticed a dire elephant
 21245 | Lair:6   | Killed a dire elephant
 21417 | Lair:6   | Noticed a dire elephant
 21421 | Lair:6   | Killed a dire elephant
 21452 | Lair:6   | Killed a dire elephant
 21520 | Lair:6   | Killed a dire elephant
 23309 | D:11     | Noticed Snorg
 23398 | D:11     | Learned a level 1 spell: Animate Skeleton
 23401 | D:11     | Killed Snorg
 23489 | D:11     | Reached skill level 10 in Air Magic
 23596 | D:11     | Found a staircase to the Orcish Mines.
 24003 | D:12     | Found a bloodstained altar of Trog.
 24009 | D:12     | Got a fine scale mail
 24027 | D:12     | Identified the +1 scale mail "Qoinuid" {*Corrode +Inv rN+++ Int-5} (You found it on level 12 of the Dungeon)
 24471 | D:12     | Found a sparkling altar of Nemelex Xobeh.
 24716 | D:13     | Found a portal to a secret trove of treasure.
 24753 | D:13     | Reached skill level 10 in Fighting
 24952 | D:13     | Noticed Urug
 24957 | D:13     | Killed Urug
 25157 | D:13     | Reached skill level 10 in Spellcasting
 26175 | D:14     | Learned a level 6 spell: Deflect Missiles
 26199 | D:14     | Reached skill level 1 in Charms
 26343 | D:14     | Found a gate to the Vaults.
 26356 | D:14     | Reached XP level 15. HP: 69/92 MP: 21/30
 26767 | D:15     | Entered Level 15 of the Dungeon
 26914 | D:15     | Reached skill level 5 in Charms
 27826 | D:15     | Reached skill level 15 in Conjurations
 28461 | D:15     | Found a staircase to the Depths.
 28461 | D:15     | Noticed a frost giant
 28609 | Orc:1    | Entered Level 1 of the Orcish Mines
 28937 | Orc:1    | Found a roughly hewn altar of Beogh.
 29278 | Orc:2    | Entered Level 2 of the Orcish Mines
 29327 | Orc:2    | Noticed grisnicke's ghost (journeyman DgTm)
 29576 | Orc:2    | Found Dolu Fooriu's Antique Weapon Shoppe.
 29598 | Orc:2    | Killed grisnicke's ghost
 29948 | Orc:2    | Found a staircase to the Elven Halls.
 31125 | Orc:2    | Found Luzir's Food Shop.
 31125 | Orc:2    | Found Erimu's Antique Weapon Shop.
 31126 | Orc:2    | Found Ihotow's Weapon Shop.
 31126 | Orc:2    | Found Oviuram's Weapon Boutique.
 31365 | D:8      | Killed Autsider's ghost
 31608 | Snake:1  | Entered Level 1 of the Snake Pit
 31882 | Snake:1  | Reached XP level 16. HP: 100/100 MP: 7/31
 31972 | Shoals:1 | Entered Level 1 of the Shoals
 34289 | Shoals:2 | Found Cug Xenoy's Weapon Shoppe.
 34424 | Shoals:2 | Reached skill level 10 in Dodging
 34457 | Shoals:2 | Noticed Frances
 34465 | Shoals:2 | Killed Frances
 35212 | Shoals:3 | Noticed Mara
 35227 | Shoals:2 | Learned a level 8 spell: Chain Lightning
 35241 | Shoals:3 | Noticed Zwobot's illusion
 35720 | Shoals:3 | Identified a scroll of acquirement
 35776 | Shoals:3 | Noticed a kraken
 36165 | Shoals:3 | Noticed Kirke
 36327 | Shoals:3 | Killed Kirke
 36438 | Shoals:4 | Entered Level 4 of the Shoals
 36728 | Shoals:4 | Reached XP level 17. HP: 89/106 MP: 9/33
 36923 | Shoals:4 | Reached skill level 15 in Air Magic
 38459 | Shoals:4 | HP: 5/106 [merfolk javelineer/javelin (21)]
 38909 | Shoals:3 | Killed a kraken
 39403 | Shoals:4 | Noticed Ilsuiw
 39466 | Shoals:4 | Slain by a harpy

Vault maps used:
D:1:      doesnt_arrival_eight_statues, hangedman_abyss_or_decor_stabs,
          minmay_lizard_pond
D:2:      lemuel_upstairs_altar, nicolae_overflow_crystal_walls
D:3:      first_ration, kennysheep_generic_room_10, uniq_ijyb
D:4:      lemuel_doored_altar, temple_doors_e, serial_curves, eino_curves_01,
          eino_curves_01, serial_park_tiny_2, uniq_sigmund
D:5:      gammafunk_steamed_eel, grunt_dithmenos_shadows, uniq_edmund,
          uniq_pikel
D:6:      marbit_many_paths, kennysheep_mini_moat,
          nicolae_ossuary_entry_false_entrances, minmay_misc_feat_cross,
          fedhas_altar_fruit_tree, uniq_eustachio
D:7:      serial_shops, nicolae_shop_behind_doors, hangedman_decor_push
D:9:      dpeg_oklobed_lair, xom_teletrap_fun, uniq_psyche, uniq_erolcha
D:11:     erik_orc_1, hangedman_fish_farm, minmay_statue_bubble, uniq_snorg
D:12:     basic_altar, nemelex_diamond_rough_becter
D:13:     enter_trove_2, uniq_urug
D:14:     lightli_vaults_fourway_checkpoint
D:15:     grunt_enter_depths_snipers, minmay_misc_feat_five, minmay_fountain_box
Temple:   dpeg_five_rooms_temple
Lair:1:   serial_bayou_lake_a, infiniplex_staircase_pool, lemuel_fruit_tree
Lair:2:   minmay_shoals_entry_centaurs, grunt_megastairs_1, uniq_gastronok
Lair:3:   minmay_lair_oklob_tunnel, minmay_snake_entry_six_corridors,
          uniq_rupert
Lair:4:   minmay_lair_venomous_thicket
Lair:5:   dpeg_oklob_1, minmay_lair_oklob_chamber
Lair:6:   due_jungle_book, minmay_slime_entry_pillars,
          infiniplex_staircase_pool_2, serial_bayou_shore_a
Shoals:2: serial_shops, nicolae_shop_behind_doors, uniq_frances
Shoals:3: uniq_kirke, uniq_mara
Shoals:4: shoals_end_grunt_ice, shoal_ilsuiw, hangedman_shoals_cup_caves
Snake:1:  uniq_aizul, uniq_agnes
Orc:1:    basic_altar
Orc:2:    st_orc_pillars, serial_shops, nicolae_shop_statue_plus
Ossuary:  ossuary_minmay_tomb_2a

Skill      XL: |  1  2  3  4  5  6  7  8  9 10 11 12 13 14 15 16 17 |
---------------+----------------------------------------------------+-----
Conjurations   | 2 3 4 5 6 8 11 12 14 16 | 16.0
Summonings     | 2 3 |  3.0
Fire Magic     | 1 2 4 5 |  5.0
Fighting       | 1 2 3 5 6 8 9 10 11 | 11.9
Air Magic      | 2 3 6 8 9 10 12 14 16 | 16.0
Spellcasting   | 4 5 7 8 9 10 11 12 | 12.8
Dodging        | 3 5 6 7 8 9 10 | 10.0
Invocations    | 2 3 4 5 6 7 |  7.0
Shields        | 4 |  4.1
Maces & Flails | 2 7 8 |  8.2
Poison Magic   | 1 5 7 |  7.0
Charms         | 2 5 6 |  6.3
Stealth        | |  2.0
Translocations | |  0.7

Action                   |  1- 3 |  4- 6 |  7- 9 | 10-12 | 13-15 | 16-18 || total
-------------------------+-------+-------+-------+-------+-------+-------++-------
Melee: Dagger            |     2 |    30 |   165 |       |       |       ||   197
       Kick              |     1 |     5 |    45 |    26 |    68 |    13 ||   158
       Peck              |       |     8 |    35 |    18 |    37 |     4 ||   102
       Morningstar       |       |       |    20 |   220 |   264 |    57 ||   561
       Staff             |       |       |       |       |     5 |    12 ||    17
 Fire: Blowgun           |       |       |     3 |       |       |       ||     3
Throw: Stone             |       |       |     2 |       |     1 |       ||     3
 Cast: Magic Dart        |    53 |    54 |   152 |   194 |       |       ||   453
       Call Imp          |     6 |    33 |    31 |    27 |     1 |       ||    98
       Conjure Flame     |       |     3 |    26 |    45 |    15 |     1 ||    90
       Mephitic Cloud    |       |     3 |    23 |    25 |     4 |       ||    55
       Blink             |       |       |     5 |    11 |     3 |     2 ||    21
       Sticky Flame      |       |       |       |    53 |    71 |    75 ||   199
       Fireball          |       |       |       |    33 |   247 |   106 ||   386
       Poison Arrow      |       |       |       |       |   126 |    99 ||   225
       Animate Skeleton  |       |       |       |       |     2 |       ||     2
       Deflect Missiles  |       |       |       |       |     1 |     1 ||     2
       Chain Lightning   |       |       |       |       |       |     7 ||     7
 Abil: Fly               |       |       |     1 |    14 |     5 |       ||    20
Evoke: Wand              |       |       |     2 |    15 |     3 |    17 ||    37
       Lightning rod     |       |       |       |       |     5 |     9 ||    14
  Use: Scroll            |     5 |     5 |    14 |    10 |    18 |    16 ||    68
       Potion            |       |       |     1 |    10 |     1 |    12 ||    24
 Stab: Sleeping          |     1 |     2 |     4 |     4 |     3 |       ||    14
       Confused          |       |     2 |     6 |     1 |       |       ||     9
       Distracted        |       |       |     2 |     1 |     1 |       ||     4
       Paralysed         |       |       |     1 |     6 |     3 |     5 ||    15
       Petrified         |       |       |       |       |     1 |       ||     1
  Eat: Chunk             |     3 |     9 |     5 |    22 |    82 |    35 ||   156
       Ration            |       |       |     4 |     3 |     6 |     5 ||    18
Armor: Robe              |     1 |     6 |    49 |       |     2 |    20 ||    78
       Leather armour    |       |       |     3 |    49 |    64 |       ||   116
       Skin              |       |       |     1 |    20 |       |    15 ||    36
Dodge: Dodged            |     5 |    20 |   184 |   178 |   216 |   228 ||   831
       Deflected         |       |       |       |       |     4 |     8 ||    12
Block: Buckler           |       |       |     3 |    67 |    53 |    52 ||   175

Table legend:
 A = Spawn XP
 B = Non-spawn XP
 C = Spawn XP percentage of total XP
 D = Spawn monster count
 E = Non-spawn monster count
 F = Spawn count percentage of total count
 G = Total turns spent on level
                    A         B        C        D         E        F      G
               +---------+---------+-------+---------+---------+-------+---------
         Total |       0 |  217281 |   0.0 |       0 |     857 |   0.0 | 39466
               +---------+---------+-------+---------+---------+-------+---------
           D:1 |       0 |      29 |   0.0 |       0 |      21 |   0.0 |   958
           D:2 |       0 |      54 |   0.0 |       0 |      18 |   0.0 |  1122
           D:3 |       0 |     151 |   0.0 |       0 |      22 |   0.0 |  1291
           D:4 |       0 |     446 |   0.0 |       0 |      18 |   0.0 |  1140
           D:5 |       0 |    1184 |   0.0 |       0 |      29 |   0.0 |  1011
           D:6 |       0 |     279 |   0.0 |       0 |       4 |   0.0 |   955
           D:7 |       0 |    1269 |   0.0 |       0 |      23 |   0.0 |  1273
           D:8 |       0 |    1771 |   0.0 |       0 |      18 |   0.0 |   683
           D:9 |       0 |    4031 |   0.0 |       0 |      35 |   0.0 |  2111
          D:10 |       0 |    2754 |   0.0 |       0 |      28 |   0.0 |   785
          D:11 |       0 |    7130 |   0.0 |       0 |      32 |   0.0 |  1213
          D:12 |       0 |    3065 |   0.0 |       0 |      23 |   0.0 |   829
          D:13 |       0 |    6682 |   0.0 |       0 |      24 |   0.0 |  1102
          D:14 |       0 |   11806 |   0.0 |       0 |      33 |   0.0 |   975
          D:15 |       0 |   16638 |   0.0 |       0 |      31 |   0.0 |  1752
        Lair:1 |       0 |    5108 |   0.0 |       0 |      28 |   0.0 |  2298
        Lair:2 |       0 |   11029 |   0.0 |       0 |      41 |   0.0 |  2319
        Lair:3 |       0 |    7129 |   0.0 |       0 |      35 |   0.0 |  1142
        Lair:4 |       0 |    1711 |   0.0 |       0 |      15 |   0.0 |  1025
        Lair:5 |       0 |    7921 |   0.0 |       0 |      29 |   0.0 |  2409
        Lair:6 |       0 |   20021 |   0.0 |       0 |      40 |   0.0 |  2497
      Shoals:1 |       0 |   20297 |   0.0 |       0 |      39 |   0.0 |  1867
      Shoals:2 |       0 |   11868 |   0.0 |       0 |      25 |   0.0 |  1846
      Shoals:3 |       0 |   29990 |   0.0 |       0 |      50 |   0.0 |  2532
      Shoals:4 |       0 |   25641 |   0.0 |       0 |      48 |   0.0 |   867
       Snake:1 |       0 |    2048 |   0.0 |       0 |       5 |   0.0 |   325
         Orc:1 |       0 |    3575 |   0.0 |       0 |      47 |   0.0 |  1002
         Orc:2 |       0 |   13502 |   0.0 |       0 |      80 |   0.0 |  1635
       Ossuary |       0 |     152 |   0.0 |       0 |      16 |   0.0 |   237
               +---------+---------+-------+---------+---------+-------+---------
